AoeStats
← 化劲省二

Fortress

507469927Analyzed
4v4 RM · 15d ago on Sep 18, 2026· 52m 50s· 8 players
Game mode
Random Map
Map size
Huge
Population
200
Speed
Normal
Resources
Standard
Victory
Conquest
Starting age
Dark Age
Ending age
Imperial Age
RankedLock teamsTeams togetherTeam positionsShared explorationLock speedFull tech treeHidden civsTurbo modeCheats
Victory
Defeat
🇨🇳 Wu · China
1661
+9
🇨🇳 Hindustanis · China
1556
+13
🇨🇳 Britons · China
1523
+14
🇨🇳 Teutons · China
1158
+27
🇹🇼 Saracens · Taiwan
1534
-18
🇨🇳 Mongols · China
1516
-18
🇭🇰 Turks · Hong Kong SAR China
1429
-14
🇭🇰 Poles · Hong Kong SAR China
1411
-13
悠律
7:47 Feudal Age
11:42 Castle Age
9:52 Double-Bit Axe
10:57 Fletching
12:41 Bow Saw
12:29 Bodkin Arrow
13:08 Horse Collar
15:08 Gold Mining
19:28 Wheelbarrow
22:44 Red Cliffs Tactics
23:28 Gold Shaft Mining
23:19 Town Watch
27:47 Imperial Age
26:01 Loom
26:31 Hand Cart
27:50 Elite Fire Archer
29:34 Chemistry
28:40 Bracer
28:31 Pikeman
29:52 Conscription
29:48 Halberdier
31:06 Ballistics
33:19 Padded Archer Armor
35:07 Leather Archer Armor
39:14 Scale Mail Armor
39:24 Forging
41:28 Squires
41:14 Arson
41:50 Chain Mail Armor
42:10 Iron Casting
43:19 Plate Mail Armor
43:24 Iron Casting
47:56 Blast Furnace
51:21 Sitting Tiger
灰色的鱼
7:31 Feudal Age
9:25 Double-Bit Axe
11:57 Castle Age
10:31 Horse Collar
13:18 Bow Saw
15:06 Loom
17:26 Wheelbarrow
18:08 Gold Mining
19:41 Hand Cart
20:00 Town Watch
24:35 Imperial Age
23:11 Gold Shaft Mining
22:56 Scale Barding Armor
23:02 Forging
23:49 Bloodlines
23:39 Husbandry
24:42 Chain Barding Armor
25:14 Grand Trunk Road
24:38 Heavy Camel Rider
25:57 Iron Casting
27:15 Conscription
27:38 Plate Barding Armor
27:52 Imperial Camel Rider
29:36 Blast Furnace
30:51 Chemistry
30:02 Light Cavalry
30:56 Hussar
31:41 Scale Mail Armor
32:04 Ballistics
32:42 Stone Mining
34:06 Hoardings
35:02 Siege Engineers
38:51 Masonry
38:36 Murder Holes
38:52 Caravan
40:28 Stone Shaft Mining
52:48 Fletching
化劲省二
5:20 Loom
7:32 Feudal Age
8:58 Horse Collar
11:42 Castle Age
9:45 Double-Bit Axe
12:29 Loom
12:57 Bow Saw
14:36 Wheelbarrow
21:18 Scale Barding Armor
22:49 Bloodlines
22:53 Forging
25:01 Iron Casting
27:58 Gold Mining
28:08 Town Watch
30:22 Coinage
33:02 Imperial Age
32:08 Chain Barding Armor
32:30 Scale Mail Armor
32:57 Squires
33:19 Fletching
34:15 Conscription
34:17 Crenellations
33:57 Bodkin Arrow
34:30 Guilds
35:33 Plate Barding Armor
36:28 Blast Furnace
38:10 Chain Mail Armor
37:56 Padded Archer Armor
37:54 Cavalier
41:15 Chemistry
40:43 Pikeman
41:09 Arson
41:56 Caravan
42:50 Hand Cart
44:13 Two-Man Saw
43:25 Halberdier
44:37 Plate Mail Armor
48:42 Heavy Plow
48:35 Stone Mining
50:17 Banking
51:49 Stone Shaft Mining
52:01 Paladin
53:01 Leather Archer Armor
Mineer_Valus
7:35 Feudal Age
11:18 Castle Age
9:46 Double-Bit Axe
10:00 Horse Collar
10:37 Gold Mining
12:29 Fletching
12:51 Bow Saw
15:50 Wheelbarrow
15:57 Loom
18:21 Hand Cart
19:25 Gold Shaft Mining
19:54 Bodkin Arrow
21:07 Gold Shaft Mining
24:11 Imperial Age
21:44 Padded Archer Armor
22:43 Leather Archer Armor
24:55 Bracer
26:56 Ring Archer Armor
27:12 Gold Shaft Mining
27:33 Ballistics
28:14 Chemistry
30:08 Pikeman
30:49 Squires
37:36 Two-Man Saw
36:37 Heavy Plow
36:42 Caravan
40:01 Scale Mail Armor
40:11 Forging
40:33 Guilds
40:31 Stone Mining
40:59 Chain Mail Armor
40:30 Halberdier
42:05 Coinage
41:25 Elite Skirmisher
43:19 Plate Mail Armor
43:25 Iron Casting
43:30 Town Watch
43:43 Treadmill Crane
44:14 Masonry
46:34 Blast Furnace
47:37 Banking
47:55 Capped Ram
48:38 Guard Tower
48:34 Arrowslits
49:13 Conscription
49:57 Warwolf
51:34 Elite Longbowman
LinG寶寶
8:06 Feudal Age
8:43 Double-Bit Axe
8:48 Horse Collar
11:10 Wheelbarrow
11:15 Wheelbarrow
14:48 Castle Age
13:38 Gold Mining
15:42 Bow Saw
15:34 Heavy Plow
16:20 Szlachta Privileges
16:48 Husbandry
16:59 Bloodlines
19:18 Scale Barding Armor
20:53 Chain Barding Armor
22:45 Forging
23:55 Hand Cart
28:25 Iron Casting
31:36 Imperial Age
29:31 Loom
29:31 Town Watch
31:46 Cavalier
33:28 Blast Furnace
33:22 Conscription
33:32 Town Patrol
34:58 Stone Mining
46:07 Light Cavalry
47:50 Caravan
48:22 Winged Hussar
牛比无极限
6:54 Feudal Age
11:28 Castle Age
9:57 Double-Bit Axe
9:54 Horse Collar
12:15 Loom
13:06 Wheelbarrow
17:39 Fletching
18:02 Bloodlines
19:14 Padded Archer Armor
20:48 Bodkin Arrow
29:38 Imperial Age
29:13 Leather Archer Armor
30:30 Ballistics
30:26 Bracer
30:58 Parthian Tactics
31:22 Hand Cart
33:21 Conscription
35:26 Onager
36:28 Drill
36:20 Siege Engineers
36:55 Nomads
42:50 Caravan
屌炸天
7:24 Feudal Age
11:53 Castle Age
10:43 Horse Collar
11:03 Double-Bit Axe
18:31 Imperial Age
19:22 Padded Archer Armor
20:35 Bloodlines
32:32 Leather Archer Armor
32:59 Gold Mining
36:38 Artillery
41:28 Ballistics
48:54 Bow Saw
48:51 Heavy Plow
50:31 Wheelbarrow
50:44 Husbandry
yclin124
7:59 Feudal Age
11:29 Castle Age
10:20 Double-Bit Axe
10:20 Horse Collar
10:35 Gold Mining
16:54 Wheelbarrow
17:54 Heavy Plow
18:24 Loom
18:27 Town Watch
21:02 Bow Saw
21:28 Gold Shaft Mining
24:23 Imperial Age
23:23 Hand Cart
23:38 Stone Mining
24:11 Padded Archer Armor
25:44 Parthian Tactics
25:49 Husbandry
26:00 Bloodlines
27:34 Leather Archer Armor
27:33 Scale Barding Armor
28:12 Conscription
27:23 Elite Mameluke
29:58 Hoardings
31:00 Bimaristan
31:49 Chain Barding Armor
31:57 Forging
32:11 Caravan
35:25 Iron Casting
35:29 Plate Barding Armor
37:14 Blast Furnace
38:05 Light Cavalry
38:49 Hussar
42:58 Onager
49:33 Chemistry
48:39 Siege Engineers
Connection lost

Rejoining the realm…

Still unreachable

The connection could not be restored.

Session expired

The server has moved on; the page needs a fresh start.